 Dungeon Crawl Stone Soup version 0.30-a0-50-gb2d611f6b1 (webtiles) character file.

Game seed: 6655044621171748862

751 jlumianski the Chopper (level 7, -3/49 (53) HPs)
             Began as a Demonspawn Gladiator on Sept 4, 2022.
             Slain by a wight
             ... wielding a +3 battleaxe of freezing
              (4 damage)
             ... on level 2 of the Dungeon.
             The game lasted 00:17:55 (4378 turns).

jlumianski the Chopper (Demonspawn Gladiator)       Turns: 4378, Time: 00:17:55

HP:   -3/49 (53)    AC: 16    Str: 16    XL:     7   Next: 49%
MP:   7/7           EV:  7    Int: 10    God:
Gold: 199           SH:  0    Dex: 14    Spells: 6/6 levels left

rFire   . . .      SeeInvis .    a - +1 war axe
rCold   . . .      Faith    .    (no shield)
rNeg    . . .      Spirit   .    o - +0 chain mail
rPois   .          Reflect  .    c - +0 helmet
rElec   .          Harm     .    (no cloak)
rCorr   .          Rampage  .    (no gloves)
Will    .....                    (no boots)
Stlth   ..........               (no amulet)
HPRegen 0.16/turn                (no ring)
MPRegen 0.10/turn                (no ring)

@: confused, ambrosia-drunk, drained
A: slimy green scales 1, icemail 1, condensation shield
a: no special abilities


You were on level 2 of the Dungeon.
You visited 1 branch of the dungeon, and saw 4 of its levels.

You collected 199 gold pieces.

Inventory:

Hand Weapons
 a - a +1 war axe (weapon)
 f - a +1 hand axe of venom
 s - a +0 sling
 u - a +4 morningstar
Missiles
 d - 3 throwing nets
 e - 7 javelins (quivered)
 g - 29 stones
 i - 14 poisoned darts
Armour
 b - a +0 leather armour
 c - a +0 helmet (worn)
 o - a +0 chain mail (worn)
Wands
 t - a wand of charming (7)
Scrolls
 h - a scroll of fog {unknown}
 l - a scroll of poison {unknown}
 m - 2 scrolls of magic mapping {unknown}
 q - a scroll of teleportation {unknown}
 r - a scroll of vulnerability {unknown}
Potions
 j - a potion of invisibility
 k - 2 potions of degeneration
 n - a potion of attraction


   Skills:
 + Level 3.8 Fighting
 + Level 5.9 Axes
 + Level 1.8 Ranged Weapons
 + Level 1.9 Throwing
 + Level 2.6 Armour
 + Level 3.3 Dodging
 + Level 0.1 Stealth
 + Level 1.0 Shields


You had 6 spell levels left.
You didn't know any spells.
Your spell library was empty.

Dungeon Overview and Level Annotations

Branches:
Dungeon (4/15)
 Temple: D:4-7

Altars:
Sif Muna

Shops:
D:2 [


Innate Abilities, Weirdness & Mutations

You are partially covered in slimy green scales. (AC +2)
A meltable icy envelope protects you from harm. (AC +4)
A meltable shield of frost defends you. (SH +4)


Message History

The wight hits you with a +4 morningstar!
You barely miss the wight.
The wight is severely damaged.
You block the wight's attack.
You slash the wight!
You destroy the wight!
Things that are here:
a +4 morningstar; a +0 robe
u - a +4 morningstar
There is a stone staircase leading down here.
You start resting.
HP restored.
You climb downwards.
The wight hits you with a +0 battleaxe!
You feel drained. The wight barely misses you.
The wight hits you with a +3 battleaxe of freezing.
The wight freezes you.
There is a stone staircase leading up, spattered with blood here.
The wight hits you with a +0 battleaxe!
The wight hits you with a +0 great sword!
The wight hits you but does no damage.
You climb upwards.
There is a stone staircase leading down here.
You barely miss the wight. You hit the wight but do no damage.
You block the wight's attack.
The wight hits you with a +0 great sword.
You hit the wight.
The wight is moderately damaged.
You hit the wight. The wight hits you but does no damage.
You block the wight's attack. The wight hits you but does no damage.
The wight hits you with a +0 great sword!
* * * LOW HITPOINT WARNING * * *
You feel drained.
* * * LOW HITPOINT WARNING * * *
Okay, then.
You are confused.
You feel invigorated.
The wight hits you with a +3 battleaxe of freezing!
* * * LOW HITPOINT WARNING * * *
The wight freezes you.
You die...

#####....## #..# #... #
#.#.#.######## #..#####.## #
#............# #........# #
#.#.#.######.# #.###.#####
#####....## ##.#.# #.# #.# #
......#.## ##.#.†######.###.### #
....#.#.####.###>[............# #
#####.#.....## ##z.####.###.#.# #
#.###.##.###@#.# #.# #.#.# #
#####.###.###.#z##.####.###...# #
#.......÷.###..###...........####
#.............## #..###..........
..........###.# #..# ####.#.####
#.........###.####..# #.#.#
#............#..)#..# #.#.#
..........###.##.#..######.#.#
#.........###.##...........#.#


You could see 2 wights.

Vanquished Creatures
  A black bear (D:3)
  An ogre (D:2)
  2 wights
  3 howler monkeys (D:3)
  A hound (D:3)
  An orc priest (D:3)
  2 iguanas (D:3)
  An orc wizard (D:3)
  9 gnolls
  2 adders
  A dart slug (D:1)
  29 orcs
  2 bats
  3 endoplasms
  5 hobgoblins
  14 jackals
  5 kobolds
  4 quokkas
  8 ball pythons
  4 frilled lizards
  4 rats
102 creatures vanquished.

Vanquished Creatures (others)
  5 fungi
  A plant (D:3)
6 creatures vanquished.

Grand Total: 108 creatures vanquished

Notes
Turn   | Place    | Note
-------+----------+-------------------------------------------
     0 | D:1      | jlumianski the Demonspawn Gladiator began the quest for the
                  | Orb.
     0 | D:1      | Reached XP level 1. HP: 16/16 MP: 1/1
   681 | D:1      | Found a faded altar of an unknown god.
   755 | D:1      | Reached skill level 3 in Axes
   757 | D:1      | Gained mutation: A meltable shield of frost defends you.
                  | (SH +4) [demonic ancestry]
   757 | D:1      | Reached XP level 2. HP: 22/22 MP: 2/2
  1297 | D:2      | Reached XP level 3. HP: 25/27 MP: 3/3
  1863 | D:2      | Found Edodwij's Antique Armour Shoppe.
  2047 | D:3      | Found a shimmering blue altar of Sif Muna.
  2309 | D:3      | Gained mutation: A meltable icy envelope protects you from
                  | harm. (AC +4) [demonic ancestry]
  2309 | D:3      | Reached XP level 4. HP: 34/34 MP: 4/4
  2351 | D:3      | Reached skill level 1 in Ranged Weapons
  2351 | D:3      | Reached skill level 1 in Armour
  2526 | D:3      | Reached XP level 5. HP: 39/40 MP: 5/5
  2551 | D:4      | Noticed an ogre
  2794 | D:3      | Reached skill level 4 in Axes
  3267 | D:2      | Gained mutation: You are partially covered in slimy green
                  | scales. (AC +2) [demonic ancestry]
  3267 | D:2      | Reached XP level 6. HP: 42/47 MP: 6/6
  3854 | D:3      | Reached skill level 5 in Axes
  3874 | D:3      | Reached XP level 7. HP: 52/52 MP: 7/7
  4111 | D:3      | Reached skill level 1 in Shields
  4378 | D:2      | HP: 1/49 [wight/+3 battleaxe of freezing (9)]
  4378 | D:2      | Slain by a wight

Illustrated notes

Levels and vault maps discovered:
D:1:      amcnicky_arrival_blooded_trapdoor, layout_basic,
          hellmonk_ecumenical_altar_zigzags
D:2:      layout_loops_ring, serial_shops, nicolae_shop_crystal,
          minmay_shallow_snake_nest
D:3:      lemuel_castle_with_subvaults [lemuel_castle_interior_carwin_2],
          layout_loops_corners, nicolae_overflow_crystal_walls, minmay_distorted
D:4:      layout_loops_cross, makhleb_altar_promises_db, uniq_robin

Skill      XL: |  1  2  3  4  5  6  7 |
---------------+----------------------+-----
Axes           | 3 4 5 |  5.9
Dodging        | 3 |  3.3
Ranged Weapons | 1 |  1.8
Armour         | 1 2 |  2.6
Fighting       | 3 |  3.8
Shields        | 1 |  1.0
Throwing       | |  1.9
Stealth        | |  0.1

Action                   |  1- 3 |  4- 6 |  7- 9 || total
-------------------------+-------+-------+-------++-------
Melee: War axe           |    92 |    97 |    12 ||   201
       Punch             |     1 |     5 |       ||     6
       Hand axe          |       |    55 |    20 ||    75
 Fire: Sling             |    35 |     3 |     2 ||    40
Throw: Javelin           |     2 |     3 |       ||     5
  Use: Scroll            |     4 |       |       ||     4
       Potion            |       |     3 |     1 ||     4
Armor: Leather armour    |    23 |       |       ||    23
       Chain mail        |    13 |   103 |    35 ||   151
Dodge: Dodged            |    63 |    46 |    16 ||   125
Block: Other             |    17 |    25 |    11 ||    53

Table legend: (Time is in decaauts)
 A = Elapsed time spent in this place.
 B = Non-inter-level travel time spent in this place.
 C = Inter-level travel time spent in this place.
 D = Time resting spent in this place.
 E = Time spent auto-exploring this place.
 F = Levels seen in this place.
 G = Mean time per level.
                   A        B        C        D        E       F      G
               +--------+--------+--------+--------+--------+-----+--------+
         Total |   4505 |   4470 |     35 |    810 |   1759 |   4 | 1126.2 |
       Dungeon |   4505 |   4470 |     35 |    810 |   1759 |   4 | 1126.2 |
               +--------+--------+--------+--------+--------+-----+--------+

Top non-repeatable levels by time:
     D:2: 1689 daAuts
     D:3: 1622 daAuts
     D:1: 1181 daAuts
     D:4: 12 daAuts
